[Event "Titled Tuesday Blitz February 14 Early 2023"]
[White "Prieto Aranguren, Alain"]
[Black "Csonka, Balazs"]
[WhiteFideId "2268906"]
[BlackFideId "742910"]
[WhiteElo "2258"]
[BlackElo "2496"]
[Result "0-1"]
[Round "01"]
[TimeControl "180+2"]
[Date "2023.02.15"]
[WhiteClock "0:00:33"]
[BlackClock "0:00:06"]

1. d4 d5 2. c4 dxc4 3. e3 Nf6 4. Bxc4 e6 5. Nf3 a6 6. O-O b5 7. Be2 Bb7 8. Nbd2 Nbd7 9. b3 c5 10. dxc5 Bxc5 11. Bb2 O-O 12. Ne5 Nxe5 13. Bxe5 Bb4 14. Nf3 Ne4 15. Qxd8 Rfxd8 16. Rac1 Rac8 17. Rfd1 Rxd1+ 18. Rxd1 f6 19. Bd4 Rc2 20. Bd3 Rxa2 21. Rc1 Nxf2 22. Bb1 Re2 23. Kf1 Bd2 24. Rc7 Bxf3 25. gxf3 Re1+ 26. Kxf2 Rxb1 27. Ke2 Bb4 28. Rc6 e5 29. Ba7 a5 30. Rb6 Rxb3 31. Rxb5 h5 32. Bb6 Rb2+ 33. Kd3 Rxh2 34. Ke4 Kf7 35. Bxa5 Bxa5 36. Rxa5 Rh4+ 37. Kd5 Rb4 38. Ra7+ Kg6 39. Ke6 Rb3 40. f4 exf4 41. exf4 Re3+ 42. Kd5 h4 43. Kd4 Re1 44. Ra8 Kf5 45. Rh8 Rh1 46. Rh7 g5 47. fxg5 fxg5 48. Rf7+ Kg4 49. Ke3 Kg3 50. Rf5 g4 51. Ke2 Rh2+ 52. Kf1 Ra2 53. Rb5 h3 54. Rb3+ Kh2 55. Rb4 g3 56. Rg4 g2+ 57. Ke1 g1=Q+ 0-1


[Site "https://www.chess.com"]

[Event "Titled Tuesday Blitz February 14 Early 2023"]
[White "Md, Imran"]
[Black "I_KID_you_not"]
[WhiteFideId "25748580"]
[WhiteElo "2284"]
[BlackElo "2323"]
[Result "1-0"]
[Round "01"]
[TimeControl "180+2"]
[Date "2023.02.15"]
[WhiteClock "0:01:14"]
[BlackClock "0:00:35"]

1. e4 c5 2. Nf3 Nc6 3. d4 cxd4 4. Nxd4 e5 5. Nb5 d6 6. N1c3 a6 7. Na3 Be7 8. Be2 b5 9. Nd5 Nf6 10. O-O O-O 11. Nxf6+ Bxf6 12. c3 Be6 13. Nc2 d5 14. exd5 Qxd5 15. Ne3 Qxd1 16. Rxd1 Rfd8 17. Bd2 Bg5 18. g3 f5 19. f4 Bh6 20. Ng2 g6 21. Be3 Bg7 22. Kf2 Bf6 23. Bb6 Rxd1 24. Rxd1 Rb8 25. Bc5 Kf7 26. a3 Rd8 27. Rxd8 Nxd8 28. fxe5 Bxe5 29. Ke3 g5 30. Bh5+ Kf6 31. Bb6 Nb7 32. Ne1 Bf7 33. Be2 Nd6 34. Nf3 f4+ 35. Kf2 fxg3+ 36. hxg3 Ne4+ 37. Ke3 Bg6 38. Bd8+ Kf5 39. Bd3 Kg4 40. Nxe5+ Kxg3 41. Nxg6 1-0


[Site "https://www.chess.com"]

[Event "Titled Tuesday Blitz February 14 Early 2023"]
[White "Harriott, Tyrell"]
[Black "Martinez Ramirez, Lennis"]
[WhiteFideId "2086484"]
[BlackFideId "3509079"]
[WhiteElo "1889"]
[BlackElo "2426"]
[Result "0-1"]
[Round "01"]
[TimeControl "180+2"]
[Date "2023.02.15"]
[WhiteClock "0:00:50"]
[BlackClock "0:01:17"]

1. d4 d5 2. e3 Nf6 3. Bd3 g6 4. f4 c5 5. c3 Bg7 6. Nf3 O-O 7. O-O b6 8. Nbd2 Ba6 9. Bxa6 Nxa6 10. b3 Nc7 11. Bb2 Nce8 12. Ne5 Nd6 13. Nd3 Qc7 14. Nf2 a5 15. a4 b5 16. Qe2 Rfb8 17. Ba3 b4 18. cxb4 axb4 19. dxc5 bxa3 20. cxd6 Qxd6 21. Ra2 Nd7 22. Nd3 Nc5 23. Nxc5 Qxc5 24. Qd3 Bb2 25. Rb1 Rb4 26. Kf1 Rc8 27. Ke2 Qd6 28. Nf3 Rc3 29. Qd1 Rbxb3 30. Kf1 Rxe3 31. h3 Qxf4 32. Kg1 Rxf3 33. gxf3 Qg3+ 34. Kh1 Qxh3+ 35. Kg1 Bd4+ 36. Qxd4 Rxb1+ 37. Kf2 Qh2+ 38. Ke3 Qxa2 39. Kf4 Qh2+ 40. Ke3 Qg1+ 41. Kd3 Rd1+ 42. Kc2 Qxd4 43. a5 Rd2+ 0-1


[Site "https://www.chess.com"]

[Event "Titled Tuesday Blitz February 14 Early 2023"]
[White "Fiorito, Joaquin"]
[Black "Liu, Casper"]
[WhiteFideId "180173"]
[BlackFideId "1454153"]
[WhiteElo "2405"]
[BlackElo "2278"]
[Result "1-0"]
[Round "01"]
[TimeControl "180+2"]
[Date "2023.02.15"]
[WhiteClock "0:01:45"]
[BlackClock "0:00:01"]

1. d4 Nf6 2. Nc3 g6 3. e4 d6 4. Be3 Bg7 5. Qd2 a6 6. Bh6 Bxh6 7. Qxh6 b5 8. Bd3 Bb7 9. a3 c5 10. d5 Nbd7 11. Nf3 Qa5 12. O-O O-O-O 13. h3 c4 14. Be2 Nc5 15. Qe3 e6 16. dxe6 fxe6 17. e5 Nd5 18. Nxd5 Bxd5 19. exd6 Qb6 20. b4 Na4 21. Nd4 Qxd6 22. c3 Rhf8 23. Rad1 e5 24. Bg4+ Kb8 25. Ne6 Qc6 26. Nxf8 Rxf8 27. Qxe5+ 1-0


[Site "https://www.chess.com"]

[Event "Titled Tuesday Blitz February 14 Early 2023"]
[White "Shtompel, Yuriy"]
[Black "Sokolovsky, Yahli"]
[WhiteFideId "14168278"]
[BlackFideId "2820242"]
[WhiteElo "1938"]
[BlackElo "2461"]
[Result "0-1"]
[Round "01"]
[TimeControl "180+2"]
[Date "2023.02.15"]
[WhiteClock "0:00:34"]
[BlackClock "0:00:51"]

1. e4 g6 2. d4 Bg7 3. Nc3 d6 4. Be3 a6 5. Qd2 b5 6. a3 Bb7 7. O-O-O Nd7 8. h4 h5 9. Nh3 Rc8 10. Ng5 c5 11. f3 cxd4 12. Bxd4 Ngf6 13. Kb1 Qa5 14. Be2 Nb6 15. Qe3 Na4 16. Nxa4 Qxa4 17. Rd2 O-O 18. g4 e5 19. Bc3 Rc6 20. Rhd1 Rd8 21. Bxe5 Rdc8 22. Bc3 Rxc3 23. bxc3 Qxa3 24. Rxd6 Nd5 25. R6xd5 Bxc3 26. Rd8+ Rxd8 27. Rxd8+ Kg7 28. Qc1 Qa1# 0-1


[Site "https://www.chess.com"]

[Event "Titled Tuesday Blitz February 14 Early 2023"]
[White "Mindlin, Alon"]
[Black "Fernandez Siles, Luis"]
[WhiteFideId "2800071"]
[BlackFideId "2209420"]
[WhiteElo "2435"]
[BlackElo "2218"]
[Result "1-0"]
[Round "01"]
[TimeControl "180+2"]
[Date "2023.02.15"]
[WhiteClock "0:02:05"]
[BlackClock "0:00:45"]

1. d4 Nf6 2. c4 g6 3. Nc3 Bg7 4. e4 d6 5. f3 O-O 6. Be3 e5 7. Nge2 c6 8. d5 cxd5 9. cxd5 a6 10. Qd2 Nbd7 11. g4 h5 12. h3 b5 13. Ng3 h4 14. Nge2 Ne8 15. O-O-O Bb7 16. Kb1 Nc7 17. Nc1 b4 18. Na4 a5 19. Nb3 Ba6 20. Rc1 Bxf1 21. Rhxf1 f5 22. gxf5 gxf5 23. exf5 Rxf5 24. Qc2 Nxd5 25. Qxf5 Nxe3 26. Qe6+ Kh8 27. Rg1 Nf6 28. Rxg7 Kxg7 29. Rg1+ Kh8 30. Nb6 Ra7 31. Nc8 Rg7 32. Rxg7 Kxg7 33. Nxd6 Qe7 34. Qxe7+ 1-0


[Site "https://www.chess.com"]

[Event "Titled Tuesday Blitz February 14 Early 2023"]
[White "Rian, Kapriaga"]
[Black "Belozerov, Andrei"]
[WhiteFideId "7103263"]
[BlackFideId "4120213"]
[WhiteElo "2089"]
[BlackElo "2461"]
[Result "1-0"]
[Round "01"]
[TimeControl "180+2"]
[Date "2023.02.15"]
[WhiteClock "0:00:09"]
[BlackClock "0:00:20"]

1. d4 d5 2. Nf3 Nf6 3. Bf4 c5 4. e3 Nc6 5. Nbd2 cxd4 6. exd4 Bf5 7. Be2 e6 8. O-O Bd6 9. Bxd6 Qxd6 10. c3 O-O 11. Nh4 Bg6 12. Nxg6 hxg6 13. Re1 Rab8 14. a4 Qc7 15. Bd3 a6 16. Qe2 Rfe8 17. Nf3 Nd7 18. Qd2 b5 19. axb5 axb5 20. h4 b4 21. Re3 bxc3 22. bxc3 Nf6 23. Ng5 e5 24. dxe5 Ng4 25. Rg3 Ncxe5 26. Rc1 Nxd3 27. Qxd3 Nxf2 28. Kxf2 Qf4+ 29. Rf3 Qxh4+ 30. Rg3 Qf4+ 31. Qf3 Rb2+ 32. Kg1 Qxc1+ 33. Kh2 Re7 34. Qxd5 Rb8 35. Qd4 Qe1 36. Qh4 Qxg3+ 37. Kxg3 Re3+ 38. Kf2 Rbe8 39. Qh7+ Kf8 40. Qh8+ Ke7 41. Qxg7 Re5 42. Qxe5+ Kf8 43. Qh8+ Ke7 44. Qg7 Rf8 45. c4 Rc8 46. Qxf7+ Kd6 47. Qe6+ Kc7 48. Qxg6 Rf8+ 49. Kg3 Rd8 50. Ne6+ Kd7 51. Nxd8 Kxd8 52. Qf5 Ke7 53. Kf4 Kd6 54. g4 Ke7 55. g5 Kd6 56. g6 Ke7 57. g7 Kd6 58. g8=Q Ke7 59. Qg7+ Kd6 60. Qgg6+ Ke7 61. Qff7+ Kd8 62. Qgg8# 1-0


[Site "https://www.chess.com"]

[Event "Titled Tuesday Blitz February 14 Early 2023"]
[White "Tan, Zhongyi"]
[Black "Jimenez Garcia, Emmanuel"]
[WhiteFideId "8603642"]
[BlackFideId "6504779"]
[WhiteElo "2517"]
[BlackElo "2410"]
[Result "1-0"]
[Round "01"]
[TimeControl "180+2"]
[Date "2023.02.15"]
[WhiteClock "0:00:18"]
[BlackClock "0:00:03"]

1. c4 b6 2. Nc3 Bb7 3. e4 e5 4. d3 Nc6 5. g3 Bc5 6. Bg2 Nge7 7. Nge2 O-O 8. O-O f5 9. Be3 d6 10. Nd5 a5 11. Qd2 Qd7 12. Bg5 Nxd5 13. exd5 Nd4 14. Nxd4 Bxd4 15. Be3 Bxe3 16. fxe3 Rf7 17. e4 Raf8 18. Bh3 g6 19. Rf2 Bc8 20. Raf1 Qd8 21. Qh6 Qf6 22. Kh1 Qg7 23. Qg5 h6 24. Qd2 Rf6 25. a3 Bd7 26. b4 axb4 27. axb4 Kh7 28. Kg1 Qe7 29. Rf3 R6f7 30. Qf2 f4 31. Bxd7 Qxd7 32. d4 g5 33. dxe5 dxe5 34. gxf4 Rxf4 35. Rxf4 Rxf4 36. Qg2 Rg4 37. Rf7+ Qxf7 38. Qxg4 Qf4 39. Qxf4 gxf4 40. c5 bxc5 41. bxc5 Kg7 42. d6 cxd6 43. c6 1-0


[Site "https://www.chess.com"]

[Event "Titled Tuesday Blitz February 14 Early 2023"]
[White "Goldin, Roman"]
[Black "Ozates, Tuna"]
[WhiteFideId "2803860"]
[BlackFideId "6354521"]
[WhiteElo "2322"]
[BlackElo "2251"]
[Result "0-1"]
[Round "01"]
[TimeControl "180+2"]
[Date "2023.02.15"]
[WhiteClock "0:00:03"]
[BlackClock "0:01:17"]

1. Nf3 c5 2. e4 Nc6 3. c3 d5 4. exd5 Qxd5 5. d4 Bf5 6. dxc5 Qxd1+ 7. Kxd1 O-O-O+ 8. Nbd2 e5 9. b4 e4 10. Ng5 Ne5 11. f4 exf3 12. Nxf3 Ng4 13. Nd4 Bg6 14. Ke1 N8f6 15. Be2 Ne3 16. Kf2 Ned5 17. Bb2 Be7 18. Bf3 Nf4 19. Nc4 N6d5 20. Rad1 Nd3+ 21. Rxd3 Bxd3 22. Ne5 Bg6 23. Rd1 Bf6 24. Nb5 Nf4 0-1


[Site "https://www.chess.com"]

[Event "Titled Tuesday Blitz February 14 Early 2023"]
[White "Liyanage, Ranindu Dilshan"]
[Black "Todorovic, Bojan"]
[WhiteFideId "9915834"]
[BlackFideId "917087"]
[WhiteElo "2342"]
[BlackElo "2195"]
[Result "1-0"]
[Round "01"]
[TimeControl "180+2"]
[Date "2023.02.15"]
[WhiteClock "0:01:38"]
[BlackClock "0:02:13"]

1. d4 Nf6 2. Bf4 c5 3. d5 d6 4. c4 g6 5. Nc3 Bg7 6. Nf3 O-O 7. h3 b5 8. Nxb5 Ne4 9. Qc2 Bf5 10. g4 Qa5+ 11. Nd2 Nxd2 12. Qxd2 Qxd2+ 13. Kxd2 Be4 14. f3 Bxb2 15. Rd1 e5 16. Bh6 1-0


[Site "https://www.chess.com"]

[Event "Titled Tuesday Blitz February 14 Early 2023"]
[White "Kostiukov, Alexandr"]
[Black "Nigmatov, Ortik"]
[WhiteFideId "14108100"]
[BlackFideId "14202131"]
[WhiteElo "2271"]
[BlackElo "2438"]
[Result "0-1"]
[Round "01"]
[TimeControl "180+2"]
[Date "2023.02.15"]
[WhiteClock "0:00:33"]
[BlackClock "0:01:10"]

1. g3 d5 2. Bg2 e5 3. c4 d4 4. d3 Nf6 5. Nf3 Nc6 6. O-O a5 7. Na3 Bc5 8. Ng5 O-O 9. Ne4 Nxe4 10. Bxe4 Bh3 11. Bg2 Bxg2 12. Kxg2 f5 13. e4 fxe4 14. dxe4 Bxa3 15. bxa3 a4 16. Rb1 b6 17. Bd2 Rf7 18. f4 exf4 19. gxf4 Qe7 20. e5 Raf8 21. Rf3 Nxe5 22. Rg3 Nxc4 23. Bc1 Qe4+ 24. Kh3 Qxb1 0-1


[Site "https://www.chess.com"]

[Event "Titled Tuesday Blitz February 14 Early 2023"]
[White "Kotepalli, Sai Nirupama"]
[Black "Taspinar, Yanki"]
[WhiteFideId "5039444"]
[BlackFideId "34561188"]
[WhiteElo "1910"]
[BlackElo "2262"]
[Result "0-1"]
[Round "01"]
[TimeControl "180+2"]
[Date "2023.02.15"]
[WhiteClock "0:00:08"]
[BlackClock "0:00:07"]

1. e4 g6 2. d3 c5 3. Nf3 Bg7 4. g3 Nc6 5. Bg2 d6 6. O-O e6 7. c3 Nge7 8. Be3 O-O 9. Nbd2 Rb8 10. Nh4 b5 11. a3 a5 12. f4 b4 13. axb4 axb4 14. Qc2 Qc7 15. Nhf3 Bd7 16. h4 Rfc8 17. h5 Qb7 18. Nc4 Qc7 19. hxg6 hxg6 20. Ncd2 Rb7 21. Ng5 Rcb8 22. c4 Nd4 23. Qd1 b3 24. Rb1 Nec6 25. Qg4 Nb4 26. Qh4 Nxd3 27. Qh7+ Kf8 28. e5 Be8 29. exd6 Qxd6 30. Bxb7 Rxb7 31. Nde4 Qc6 32. Qh1 Nc2 33. Bd2 Kg8 34. Qh7+ Kf8 35. Qh1 f5 36. Nc3 Bd4+ 37. Kh2 Qxh1+ 38. Kxh1 Ke7 39. Rf3 Bc6 40. Kh2 Bxf3 41. Nxf3 Be3 42. Bxe3 Nxe3 43. Nb5 Kf6 44. Na3 Rh7+ 45. Kg1 Rh3 46. Ng5 Rxg3+ 47. Kh2 Rg2+ 48. Kh3 Nf2+ 49. Kh4 Rg4# 0-1


[Site "https://www.chess.com"]

[Event "Titled Tuesday Blitz February 14 Early 2023"]
[White "Jaracz, Pawel"]
[Black "Manon-og, Ramon Jr."]
[WhiteFideId "1102222"]
[BlackFideId "5200776"]
[WhiteElo "2467"]
[BlackElo "1999"]
[Result "1-0"]
[Round "01"]
[TimeControl "180+2"]
[Date "2023.02.15"]
[WhiteClock "0:01:40"]
[BlackClock "0:01:33"]

1. d4 Nf6 2. c4 g6 3. Nc3 d5 4. cxd5 Nxd5 5. Bg5 Nxc3 6. bxc3 c5 7. Qd2 h6 8. Bf4 cxd4 9. cxd4 Bg7 10. e3 O-O 11. Nf3 Nc6 12. Bb5 Bd7 13. Rb1 a6 14. Be2 b5 15. O-O Rc8 16. a4 bxa4 17. Bxa6 Ra8 18. Bc4 Bg4 19. Qc2 Bxf3 20. gxf3 Qd7 21. Qxg6 Na5 22. Bxh6 1-0


[Site "https://www.chess.com"]

[Event "Titled Tuesday Blitz February 14 Early 2023"]
[White "Nikologorsky, Matfei"]
[Black "Papasimakopoulos, Alexandros"]
[WhiteFideId "24102474"]
[BlackFideId "4244125"]
[WhiteElo "2182"]
[BlackElo "2401"]
[Result "0-1"]
[Round "01"]
[TimeControl "180+2"]
[Date "2023.02.15"]
[WhiteClock "0:01:46"]
[BlackClock "0:02:33"]

1. e4 e6 2. d4 d5 3. Nd2 Nf6 4. e5 Nfd7 5. Bd3 c5 6. c3 Nc6 7. Ne2 cxd4 8. cxd4 f6 9. exf6 Nxf6 10. Nf3 Bd6 11. O-O Qc7 12. Bd2 O-O 13. Rc1 Bd7 14. Bc3 Be8 15. Re1 Bh5 16. Ng3 Bg4 17. Qd2 Bxf3 18. gxf3 Bf4 19. Qe2 Bxc1 20. Qxe6+ Qf7 21. Qxf7+ Kxf7 22. Rxc1 g6 23. Nf1 Rac8 24. Ne3 Nxd4 25. Kg2 Ne6 0-1


[Site "https://www.chess.com"]

[Event "Titled Tuesday Blitz February 14 Early 2023"]
[White "Boyer, Mahel"]
[Black "Ruiz Aguilar, Pablo Alexander"]
[WhiteFideId "45102422"]
[BlackFideId "4401352"]
[WhiteElo "2489"]
[BlackElo "2161"]
[Result "1-0"]
[Round "01"]
[TimeControl "180+2"]
[Date "2023.02.15"]
[WhiteClock "0:00:13"]
[BlackClock "0:00:11"]

1. d4 d5 2. c4 c6 3. cxd5 cxd5 4. Bf4 Nf6 5. Nc3 Nc6 6. e3 a6 7. Be2 Bf5 8. g4 Bg6 9. h4 h5 10. g5 Ne4 11. Rc1 e6 12. Kf1 Bd6 13. Nh3 O-O 14. Bxh5 Rc8 15. Bxg6 Nxc3 16. Bxf7+ Rxf7 17. Rxc3 e5 18. dxe5 Bxe5 19. Rxc6 bxc6 20. Bxe5 Qa5 21. Nf4 Qxa2 22. Qg4 Qc4+ 23. Kg2 Re8 24. g6 Qe4+ 25. f3 Qxe5 26. gxf7+ Kxf7 27. Qg6+ Kf8 28. Re1 Qxb2+ 29. Re2 Qf6 30. Qg4 Kf7 31. Qd7+ Re7 32. Qg4 d4 33. exd4 Rxe2+ 34. Nxe2 Qd6 35. Qf5+ Kg8 36. Qe4 Qd7 37. Nc3 a5 38. d5 c5 39. Qe6+ Qxe6 40. dxe6 Kf8 41. f4 Ke7 42. f5 g6 43. fxg6 Kxe6 44. h5 Kf6 45. Kf3 Kg7 46. Na4 Kh6 47. Ke4 c4 48. Kd4 Kxh5 49. g7 Kg4 50. g8=Q+ Kf3 51. Qxc4 Kf4 52. Nc3 Kf5 53. Qe2 a4 54. Ne4 a3 55. Qf3+ Ke6 56. Qf6+ Kd7 57. Nc5+ Kc7 58. Qe7+ Kb6 59. Qb7+ Ka5 60. Kc4 a2 61. Qb5# 1-0


[Site "https://www.chess.com"]

[Event "Titled Tuesday Blitz February 14 Early 2023"]
[White "Skaric, Djuro"]
[Black "Tisaj, Domen"]
[WhiteFideId "934569"]
[BlackFideId "14628708"]
[WhiteElo "2334"]
[BlackElo "2386"]
[Result "0-1"]
[Round "01"]
[TimeControl "180+2"]
[Date "2023.02.15"]
[WhiteClock "0:00:51"]
[BlackClock "0:00:12"]

1. g3 h5 2. d4 h4 3. gxh4 d5 4. Nf3 Nf6 5. c4 dxc4 6. Nc3 e6 7. e4 b5 8. Bg5 b4 9. Ne2 Bb7 10. Ng3 Be7 11. Bxf6 gxf6 12. Bxc4 Nd7 13. Qa4 Kf8 14. Qb3 a5 15. Qd3 c5 16. d5 Nb6 17. b3 Nxc4 18. bxc4 Qd6 19. O-O Qf4 20. Qe3 Qg4 21. Kh1 Re8 22. Rg1 Qh3 23. Rad1 exd5 24. Nf5 dxe4 25. Nxe7 Qxf3+ 26. Qxf3 exf3 27. Rd7 Rxe7 28. Rd8+ Re8 29. Rd7 Bc8 30. Rc7 Bh3 31. Rd1 Rxh4 32. Rxc5 Be6 33. Rxa5 Rxc4 34. Rh5 Rec8 35. Rh8+ Ke7 36. Rxc8 Rxc8 37. h4 Rc4 38. Kh2 Rg4 39. Rd2 Rxh4+ 40. Kg3 Rc4 41. Kxf3 Rc3+ 42. Ke4 Ra3 43. Rb2 Ra4 44. Kd3 Bxa2 45. Kd4 Be6 46. Kc5 b3 47. Re2 Ra2 48. Re4 Rxf2 49. Rb4 Rf5+ 50. Kc6 Rd5 51. Kc7 Rd7+ 52. Kc6 f5 53. Kc5 Rc7+ 54. Kb6 Rc8 55. Kb7 Rc2 56. Kb6 b2 57. Ka5 Ba2 58. Rb7+ Kd6 59. Rb6+ Kc7 60. Ka4 Kxb6 61. Ka3 b1=Q 0-1


[Site "https://www.chess.com"]

[Event "Titled Tuesday Blitz February 14 Early 2023"]
[White "Fromm, Marius"]
[Black "Jarocka, Liwia"]
[WhiteFideId "12993190"]
[BlackFideId "21807558"]
[WhiteElo "2457"]
[BlackElo "2225"]
[Result "1/2-1/2"]
[Round "01"]
[TimeControl "180+2"]
[Date "2023.02.15"]
[WhiteClock "0:00:07"]
[BlackClock "0:00:08"]

1. e4 c5 2. Nf3 Nc6 3. Bb5 g6 4. Bxc6 dxc6 5. d3 Nf6 6. Be3 Nd7 7. Nc3 Bg7 8. O-O O-O 9. Qd2 e5 10. Bh6 b6 11. h3 Re8 12. Bxg7 Kxg7 13. Nh2 Nf8 14. f4 f6 15. fxe5 Rxe5 16. Qf2 Re8 17. Kh1 Ne6 18. Ng4 Rf8 19. Ne2 Nd4 20. Ne3 Be6 21. Nf4 Bg8 22. Qg3 Kh8 23. Rf2 Qd7 24. b3 Rae8 25. Raf1 Qg7 26. a4 a5 27. Ng4 f5 28. exf5 gxf5 29. Qh4 fxg4 30. Ng6+ Qxg6 31. Rxf8 Rxf8 32. Rxf8 gxh3 33. Qxh3 Kg7 34. Rb8 Bf7 35. Rxb6 Qh6 36. Qxh6+ Kxh6 37. Ra6 Bd5 38. Rxa5 Nxc2 39. Rxc5 Nb4 40. d4 Bxb3 41. a5 Bd5 42. Rc3 Kg5 43. Ra3 Na6 44. Kh2 Kf4 45. Rh3 Be4 46. Rg3 Bf5 47. Rb3 Ke4 48. Rb6 Bc8 49. Rxc6 Bb7 50. Rb6 Bc8 51. Rh6 Kxd4 52. Rxh7 Kc4 53. Rh5 Kb4 54. Kg3 Nc5 55. Kf3 Bb7+ 56. Kf2 Ne4+ 57. Ke3 Nf6 58. Rf5 Nd5+ 59. Kd4 Nc7 60. g4 Nb5+ 61. Ke3 Bc8 62. g5 Bxf5 63. a6 Bg6 64. Kf4 Na7 65. Ke5 Ka5 66. Kf6 Bd3 67. g6 Bxg6 68. Kxg6 Kxa6 1/2-1/2


[Site "https://www.chess.com"]

[Event "Titled Tuesday Blitz February 14 Early 2023"]
[White "Weisz, Bryan"]
[Black "Sammed Jaykumar, Shete"]
[WhiteFideId "30934133"]
[BlackFideId "5073421"]
[WhiteElo "1973"]
[BlackElo "2440"]
[Result "0-1"]
[Round "01"]
[TimeControl "180+2"]
[Date "2023.02.15"]
[WhiteClock "0:00:01"]
[BlackClock "0:00:05"]

1. e4 c6 2. Nf3 d5 3. Nc3 dxe4 4. Ng5 Nf6 5. Bc4 e6 6. Qe2 b5 7. Bb3 a6 8. a4 Be7 9. Ncxe4 O-O 10. c3 Bb7 11. d4 Nbd7 12. Bf4 Nxe4 13. Nxe4 c5 14. dxc5 Nxc5 15. Nxc5 Bxc5 16. O-O Qb6 17. axb5 axb5 18. Rad1 Qc6 19. Qg4 h5 20. Qg3 Rfd8 21. Be5 Bf8 22. Bc2 b4 23. Rxd8 Rxd8 24. Bd1 Qb5 25. Bf3 Ba6 26. Re1 Rd5 27. Bxd5 Qxd5 28. Bd4 Qb3 29. Qe5 Qxb2 30. Qxh5 bxc3 31. Qf3 Bb4 32. Rd1 Qc2 33. Qa8+ Kh7 34. Re1 Be2 35. Qc6 Qd2 36. Ra1 c2 37. Bb2 Qd1+ 0-1


[Site "https://www.chess.com"]

[Event "Titled Tuesday Blitz February 14 Early 2023"]
[White "Morefield, Jason"]
[Black "Dong, Khanh Linh"]
[WhiteFideId "30920825"]
[BlackFideId "12403040"]
[WhiteElo "2167"]
[BlackElo "1900"]
[Result "1-0"]
[Round "01"]
[TimeControl "180+2"]
[Date "2023.02.15"]
[WhiteClock "0:00:57"]
[BlackClock "0:00:15"]

1. Nf3 Nf6 2. d4 d5 3. c4 g6 4. cxd5 Nxd5 5. e4 Nf6 6. Nc3 Bg7 7. h3 O-O 8. Be3 c6 9. Be2 Nbd7 10. O-O Nb6 11. a4 a5 12. Qb3 Be6 13. d5 cxd5 14. Bxb6 dxe4 15. Qb5 Qd6 16. Ng5 Bd7 17. Qc5 Qf4 18. Qe3 Qxe3 19. Bxe3 Bc6 20. Bb5 Rac8 21. Bxc6 Rxc6 22. Ngxe4 Nxe4 23. Nxe4 Bxb2 24. Rab1 Bg7 25. Rxb7 Rc4 26. Nc5 Rc8 27. Rb5 e6 28. Rxa5 Bc3 29. Rb5 Bd4 30. Bxd4 Rxd4 31. a5 Rc4 32. Nd7 Ra8 33. Nb6 1-0


[Site "https://www.chess.com"]

[Event "Titled Tuesday Blitz February 14 Early 2023"]
[White "Levitan, Caleb Levi"]
[Black "Stoleriu, George"]
[WhiteFideId "14332620"]
[BlackFideId "1227505"]
[WhiteElo "2129"]
[BlackElo "2390"]
[Result "0-1"]
[Round "01"]
[TimeControl "180+2"]
[Date "2023.02.15"]
[WhiteClock "0:00:02"]
[BlackClock "0:00:20"]

1. e4 e6 2. d4 d5 3. Nc3 Bb4 4. e5 c5 5. Bd2 Ne7 6. Nb5 Bxd2+ 7. Qxd2 O-O 8. f4 b6 9. Nf3 Bd7 10. Nd6 Nbc6 11. c3 Nc8 12. Nxc8 Rxc8 13. Bd3 Qe7 14. O-O cxd4 15. cxd4 Qb4 16. Qf2 f5 17. exf6 Rxf6 18. a3 Qe7 19. g3 Be8 20. Rfe1 Bg6 21. Bxg6 Rxg6 22. Rac1 Rc7 23. Qe3 Rf6 24. Rc3 Na5 25. Rxc7 Qxc7 26. b3 Qd6 27. Qc3 h6 28. Qc8+ Kh7 29. Qe8 Nxb3 30. Ng5+ hxg5 31. Qh5+ Rh6 32. Qxg5 Nxd4 33. Re5 Nf3+ 0-1


[Site "https://www.chess.com"]

[Event "Titled Tuesday Blitz February 14 Early 2023"]
[White "Skliarov, Viktor"]
[Black "Polanco Nunez, Yoel Estarling"]
[WhiteFideId "14106736"]
[BlackFideId "6401783"]
[WhiteElo "2383"]
[BlackElo "2162"]
[Result "1-0"]
[Round "01"]
[TimeControl "180+2"]
[Date "2023.02.15"]
[WhiteClock "0:00:15"]
[BlackClock "0:00:33"]

1. e4 c5 2. Nf3 d6 3. d4 cxd4 4. Qxd4 Nf6 5. Nc3 Nc6 6. Bb5 Bd7 7. Bxc6 Bxc6 8. Bg5 e6 9. O-O-O Be7 10. Rhe1 Qa5 11. Kb1 O-O 12. Qd2 b6 13. Nd4 Bb7 14. f3 Rac8 15. g4 Rc4 16. h4 Rfc8 17. Nb3 Qa6 18. Qd3 b5 19. Rd2 b4 20. Ne2 Qb6 21. Be3 Qc7 22. g5 Nd7 23. Ng3 a5 24. Nd4 a4 25. Nb5 Qc6 26. Nxd6 Ne5 27. Nxc8 Qxc8 28. Qe2 a3 29. Red1 axb2 30. f4 Ng6 31. h5 Nf8 32. h6 g6 33. Bd4 e5 34. Bxe5 Ne6 35. f5 Nxg5 36. Qxc4 Qxc4 37. Rd8+ Bf8 38. Bd6 1-0


[Site "https://www.chess.com"]

[Event "Titled Tuesday Blitz February 14 Early 2023"]
[White "Jimenez, Joaquin"]
[Black "Piesik, Piotr"]
[WhiteFideId "109860"]
[BlackFideId "1136194"]
[WhiteElo "2195"]
[BlackElo "2426"]
[Result "0-1"]
[Round "01"]
[TimeControl "180+2"]
[Date "2023.02.15"]
[WhiteClock "0:00:19"]
[BlackClock "0:00:06"]

1. e4 g6 2. d4 Bg7 3. Nc3 c6 4. Be3 d5 5. e5 Nh6 6. Qd2 Nf5 7. O-O-O Nxe3 8. fxe3 f6 9. exf6 exf6 10. e4 O-O 11. exd5 cxd5 12. Nf3 Nc6 13. Kb1 Bf5 14. Bb5 Nb4 15. Ba4 Rc8 16. Bb3 Be6 17. h4 h5 18. a3 Nc6 19. Qd3 Kh7 20. Rde1 Bf5 21. Qd2 Na5 22. Ka2 Nc4 23. Bxc4 Rxc4 24. Re2 Bh6 25. Qe1 Rf7 26. Rf1 Rcc7 27. Nh2 Rfe7 28. Rff2 a6 29. Rxe7+ Rxe7 30. Re2 Rxe2 31. Qxe2 Bf4 32. g4 hxg4 33. Nxg4 Kg7 34. Ne3 Bxe3 35. Qxe3 Bxc2 36. Qf3 Qd6 37. h5 gxh5 38. Qxh5 Bg6 39. Qg4 Qc6 40. Ka1 Qe8 41. Qg2 Qe1+ 42. Ka2 Kh6 43. Qxd5 Qe7 44. Qh1+ Kg7 45. Qg2 Kh7 46. d5 Bf5 47. Qh2+ Kg6 48. d6 Qe6+ 49. b3 Kf7 50. Kb2 Qe5 51. a4 Qxh2+ 0-1


[Site "https://www.chess.com"]

[Event "Titled Tuesday Blitz February 14 Early 2023"]
[White "Postnikov, Daniil"]
[Black "Lacasa Diaz, Jose Antonio"]
[WhiteFideId "4166329"]
[BlackFideId "2203375"]
[WhiteElo "2360"]
[BlackElo "2359"]
[Result "1/2-1/2"]
[Round "01"]
[TimeControl "180+2"]
[Date "2023.02.15"]
[WhiteClock "0:00:05"]
[BlackClock "0:00:11"]

1. e4 c5 2. a3 g6 3. h4 Nf6 4. e5 Nh5 5. Be2 Nf4 6. d4 Nxe2 7. Nxe2 cxd4 8. h5 Bg7 9. Nxd4 Bxe5 10. Nc3 Nc6 11. Be3 d6 12. Qd2 Qa5 13. O-O-O Bd7 14. hxg6 hxg6 15. Rxh8+ Bxh8 16. Rh1 O-O-O 17. Rh7 Nxd4 18. Bxd4 Bxd4 19. Qxd4 Be6 20. a4 Qc5 21. Qh4 d5 22. Rh8 a6 23. Rxd8+ Kxd8 24. Qh8+ Kc7 25. Qe5+ Qd6 26. Qd4 Qb6 27. Qe5+ Qd6 28. Qd4 f6 29. f3 g5 30. b4 Bf7 31. b5 e5 32. Qa7 Qb6 33. Qa8 d4 34. Ne4 axb5 35. axb5 Qxb5 36. Qf8 Qf1+ 37. Kb2 Qb5+ 38. Kc1 Qf1+ 39. Kb2 Qb5+ 40. Kc1 1/2-1/2


[Site "https://www.chess.com"]